 Dungeon Crawl Stone Soup version 0.24.0-29-g8ce449bc06 (webtiles) character file.

Game seed: 3041017326877750400, levelgen mode: deterministic

150 theswoord the Shield-Bearer (level 5, 0/45 HPs)
             Began as a Minotaur Fighter on Nov 16, 2019.
             Slain by Sigmund
             ... wielding a +3 scythe of freezing
              (1 damage)
             ... on level 2 of the Dungeon.
             The game lasted 00:02:02 (1251 turns).

theswoord the Shield-Bearer (Minotaur Fighter)      Turns: 1251, Time: 00:02:02

Health: 0/45       AC:  6    Str: 26    XL:     5   Next: 10%
Magic:  4/4        EV:  8    Int:  5    God:
Gold:   69         SH:  0    Dex: 10    Spells: 4/4 levels left

rFire    . . .     SeeInvis .   a - +0 long sword
rCold    . . .     Gourm    .   c - +0 shield
rNeg     . . .     Faith    .   b - +0 scale mail
rPois    .         Spirit   .   (helmet restricted)
rElec    .         Reflect  .   (no cloak)
rCorr    .         Harm     .   (no gloves)
MR       .....                  (no boots)
Stlth    ..........             (no amulet)
HPRegen  0.15/turn              (no ring)
MPRegen  0.09/turn              (no ring)

@: confused, mighty, hasted, very quick
A: retaliatory headbutt, horns 2
a: no special abilities


You were on level 2 of the Dungeon.
You were not hungry.

You visited 1 branch of the dungeon, and saw 2 of its levels.

You collected 69 gold pieces.

Inventory:

Hand Weapons
 a - a +0 long sword (weapon)
Armour
 b - a +0 scale mail (worn)
 c - a +0 shield (worn)
Jewellery
 m - a cursed +3 ring of intelligence {unknown}
Scrolls
 h - a scroll of teleportation {unknown}
 i - a scroll of fog {unknown}
 n - a scroll of identify {unknown}
 o - a scroll of amnesia {unknown}
Potions
 j - a potion of cancellation
 k - a potion of magic
Comestibles
 f - 5 rations
 g - a chunk of flesh


   Skills:
 - Level 3.6 Fighting
 + Level 4.8 Long Blades
 - Level 3.6 Armour
 + Level 5.6 Shields


You had 4 spell levels left.
You didn't know any spells.
Your spell library was empty.

Dungeon Overview and Level Annotations

Branches:
Dungeon (2/15)

Altars:
Hepliaklqana
Nemelex Xobeh

Annotations:
D:2 Sigmund


Innate Abilities, Weirdness & Mutations

You reflexively headbutt those who attack you in melee.
You have a pair of horns on your head.


Message History

The magic dart hits you!
* * * LOW HITPOINT WARNING * * *
You closely miss something.
You hear a zap.
Something tries to affect you, but you resist.
You slash something! Something hits you!
* * * LOW HITPOINT WARNING * * *
Something freezes you.
* * * LOW HITPOINT WARNING * * *
Your shield and scale mail prevent you from hitting something.
You block something's attack.
You closely miss something.
You hear some strange, mumbled words.
You are confused.
You hear a zap.
Something tries to affect you, but you resist.
It was a potion of haste.
You feel yourself speed up. Something hits you.
* * * LOW HITPOINT WARNING * * *
Something freezes you.
You die...

###.#......... #....
#.#?%....... #....
#.#......... #....
#.########## #.... #.#
##.... #.# #..... #.# ###...
#.###########. ##'#
####.{@.......... #.#
######........######## #.#
#....................#####'#
#............†#(####......÷.
#............<....##........
#.......#####.#)#(##........
#.......##.##.#.#.##.....(..
#######.......#....#........
##############........


There were no monsters in sight!

Vanquished Creatures
  An ogre (D:2)
  A worker ant (D:2)
  2 dart slugs
  3 leopard geckos (D:2)
  A ball python (D:1)
  3 giant cockroaches (D:1)
  A hobgoblin (D:2)
  2 quokkas (D:2)
  3 bats
  A frilled lizard (D:2)
  5 goblins
  5 kobolds
  5 rats
33 creatures vanquished.

Notes
Turn   | Place    | Note
-------+----------+-------------------------------------------
     0 | D:1      | theswoord the Minotaur Fighter began the quest for the Orb.
     0 | D:1      | Reached XP level 1. HP: 19/19 MP: 0/0
   110 | D:1      | Reached skill level 4 in Shields
   167 | D:1      | Reached XP level 2. HP: 26/26 MP: 1/1
   592 | D:2      | Found a sparkling altar of Nemelex Xobeh.
   696 | D:2      | Reached XP level 3. HP: 26/31 MP: 2/2
   879 | D:2      | Noticed an ogre
   885 | D:2      | HP: 1/31 [ogre/+0 giant spiked club (11)]
   886 | D:2      | Killed an ogre
   886 | D:2      | Reached skill level 5 in Shields
   886 | D:2      | Reached XP level 4. HP: 1/39 MP: 3/3
   886 | D:2      | Reached XP level 5. HP: 1/45 MP: 4/4
  1208 | D:2      | Found a hazy altar of Hepliaklqana.
  1209 | D:2      | Noticed Sigmund
  1251 | D:2      | HP: 1/45 [something (4)]
  1251 | D:2      | Slain by Sigmund

Skill      XL: |  1  2  3 |
---------------+----------+-----
Shields        | 4 5 |  5.6
Long Blades    | 3 4 |  4.8
Fighting       | |  3.6
Armour         | |  3.6

Action                   |  1- 3 |  4- 6 || total
-------------------------+-------+-------++-------
Melee: Long sword        |    66 |    14 ||    80
       Headbutt          |    13 |     1 ||    14
       Unarmed           |       |     9 ||     9
  Use: Potion            |       |     6 ||     6
  Eat: Chunk             |       |     1 ||     1
Armor: Scale mail        |    20 |     5 ||    25
       Skin              |       |     2 ||     2
Dodge: Dodged            |    22 |    10 ||    32
Block: Shield            |    27 |     9 ||    36
       Rpst.: Long sword |     3 |       ||     3

Levels and vault maps discovered:
D:1:      zelgadis_glass_arrival_small, layout_loops_ring
D:2:      layout_basic, lemuel_round_altar, old_standard_altar,
          ashenzari_altar_1, uniq_sigmund
